 Dungeon Crawl Stone Soup version 0.23.2-33-g5129a83184 (webtiles) character file.

Game seed: 13680709473623216533

98 Descartes the Grasshopper (level 4, -1/23 HPs)
             Began as a Spriggan Warper on July 5, 2019.
             Killed by divine providence
             ... invoked by an orc priest
              (11 damage)
             ... on level 3 of the Dungeon.
             The game lasted 00:05:49 (2660 turns).

Descartes the Grasshopper (Spriggan Warper)         Turns: 2660, Time: 00:05:50

Health: -1/23      AC:  2    Str:  7    XL:     4   Next: 44%
Magic:  9/9        EV: 20    Int: 14    God:
Gold:   143        SH:  0    Dex: 16    Spells: 5/9 levels left

rFire    . . .     SeeInvis +   a - +0 short sword
rCold    . . .     Gourm    .   (shield restricted)
rNeg     + . .     Faith    .   b - +0 robe
rPois    .         Spirit   .   (helmet restricted)
rElec    .         Reflect  .   (no cloak)
rCorr    +         Harm     .   (gloves unavailable)
MR       .....                  (boots unavailable)
Stlth    ++........             (no amulet)
HPRegen  0.07/turn              u - ring of positive energy
MPRegen  0.11/turn              t - ring of resist corrosion

@: very quick
A: very small, unfitting armour, see invisible, herbivore, speed 3, slow
metabolism 2
a: no special abilities


You were on level 3 of the Dungeon.
You were not hungry.

You visited 1 branch of the dungeon, and saw 3 of its levels.

You collected 143 gold pieces.

Inventory:

Hand Weapons
 a - a +0 short sword (weapon)
Missiles
 e - 5 tomahawks of dispersal (quivered)
 g - 73 stones
 h - 18 poisoned needles
Armour
 b - a +0 robe (worn)
Jewellery
 t - a ring of resist corrosion (right hand)
 u - a ring of positive energy (left hand)
Scrolls
 d - a scroll of blinking
 i - 4 scrolls of identify {unknown}
 k - 3 scrolls of remove curse {unknown}
 m - 3 scrolls of teleportation {unknown}
 n - a scroll of fog {unknown}
 p - a scroll of fear {unknown}
 r - a scroll of amnesia {unknown}
Potions
 c - a potion of flight {unknown}
 j - 2 potions of curing {unknown}
 l - a potion of magic {unknown}
 o - a potion of haste {unknown}
 q - a potion of berserk rage {unknown}
 s - a potion of degeneration {unknown}
 v - a potion of brilliance {unknown}
Comestibles
 f - 4 rations


   Skills:
 + Level 1.8 Fighting
 * Level 3.2 Short Blades
 - Level 1.0 Throwing
 * Level 4.4 Dodging
 * Level 2.8 Stealth
 * Level 3.1 Spellcasting
 * Level 1.3 Charms
 * Level 4.9 Translocations


You had 5 spell levels left.
You knew the following spells:

 Your Spells              Type           Power        Failure   Level  Hunger
a - Blink                 Tloc           N/A          4%          2    ##.....
b - Shroud of Golubria    Chrm/Tloc      ##........   9%          2    ##.....

Your spell library contained the following spells:

 Spells                   Type           Power        Failure   Level  Hunger
 Gell's Gravitas          Tloc           ###.......   9%          3    ###....
 Lesser Beckoning         Tloc           ###.......   9%          3    ###....
 Teleport Other           Tloc           ###.....     9%          3    ###....
 Passage of Golubria      Tloc           N/A          28%         4    #####..


Dungeon Overview and Level Annotations

Branches:
Dungeon (3/15)

Altars:


Innate Abilities, Weirdness & Mutations

You are very small and have problems with some larger weapons.
You are too small for most types of armour.
You have supernaturally acute eyesight. (SInv)
You are a herbivore.
You cover ground extremely quickly.
You need to consume almost no food.


Message History

You hit the orc priest.
The orc priest is severely wounded.
The orc priest barely misses you.
You barely miss the orc priest.
The orc priest is severely wounded.
Your shroud unravels.
The orc priest misses you.
You closely miss the orc priest.
The orc priest is severely wounded.
You barely miss the orc priest.
The orc priest is severely wounded.
The orc priest completely misses you.
You barely miss the orc priest.
The orc priest is severely wounded.
The orc priest closely misses you.
You hit the orc priest.
The orc priest is almost dead.
The orc priest invokes the aid of Beogh against you.
Beogh smites you!
You die...

#.#######.#########
#..................
#[#######.........# #.#
#.#######.# #.#
#.#######.#
#.#######.........#
#†#.......######).#
####.#.#####.# #=.#
#....#<# #@# #..#
#....#######o#### #..#
#...........o...###..#
+...................>#
#####...###.....#.#.#....#
..........+.....'........#
###########.....#........#
#######........#
#........#


You could see an orc priest and an orc.

Vanquished Creatures
  4 adders
  3 dart slugs
  2 leopard geckos
  2 orcs (D:3)
  A ball python (D:1)
  11 bats
  2 giant cockroaches
  2 goblins
  6 hobgoblins
  6 jackals
  A quokka (D:2)
  3 frilled lizards (D:2)
  6 kobolds
  2 rats (D:2)
51 creatures vanquished.

Notes
Turn   | Place    | Note
-------+----------+-------------------------------------------
     0 | D:1      | Descartes the Spriggan Warper began the quest for the Orb.
     0 | D:1      | Reached XP level 1. HP: 10/10 MP: 5/5
    43 | D:1      | Reached skill level 1 in Stealth
   256 | D:1      | Reached XP level 2. HP: 14/14 MP: 6/6
   945 | D:1      | Learned a level 2 spell: Blink
   948 | D:1      | Learned a level 2 spell: Shroud of Golubria
   958 | D:2      | Reached XP level 3. HP: 17/18 MP: 8/8
  1496 | D:2      | Found a faded altar of an unknown god.
  1761 | D:2      | Reached skill level 1 in Charms
  1922 | D:2      | Reached XP level 4. HP: 23/23 MP: 9/9
  2660 | D:3      | Killed from afar by an orc priest

Skill      XL: |  1  2  3  4 |
---------------+-------------+-----
Stealth        | 1 2 |  2.8
Dodging        | 4 |  4.4
Spellcasting   | 3 |  3.1
Charms         | 1 |  1.3
Short Blades   | 3 |  3.2
Fighting       | |  1.8
Throwing       | |  1.0
Translocations | |  4.9

Action                   |  1- 3 |  4- 6 || total
-------------------------+-------+-------++-------
Melee: Short sword       |   155 |   100 ||   255
 Cast: Shroud of Golubri |     1 |     1 ||     2
 Stab: Sleeping          |     7 |       ||     7
       Distracted        |     1 |       ||     1
Armor: Robe              |    12 |     6 ||    18
Dodge: Dodged            |   166 |    72 ||   238
